AoeStats
← 知耻而后勇喜笑颜开

Arabia

507884674Analyzed
1v1 RM · 12d ago on Sep 20, 2026· 44m 23s· 2 players
Game mode
Random Map
Map size
Tiny (2 player)
Population
200
Speed
Normal
Resources
Standard
Victory
Conquest
Starting age
Dark Age
Ending age
Imperial Age
RankedLock teamsTeams togetherTeam positionsShared explorationLock speedFull tech treeHidden civsTurbo modeCheats
Victory
Defeat
🇨🇴 Goths · Colombia
1306
+22
1441
-22
知耻而后勇喜笑颜开
7:12 Loom
9:25 Feudal Age
9:51 Town Watch
9:52 Double-Bit Axe
11:16 Wheelbarrow
16:20 Fletching
16:53 Padded Archer Armor
19:31 Horse Collar
19:43 Gold Mining
23:46 Castle Age
22:04 Forging
21:59 Scale Barding Armor
23:38 Bloodlines
24:35 Bodkin Arrow
24:09 Crossbowman
25:00 Bow Saw
25:19 Leather Archer Armor
25:19 Heavy Plow
26:05 Stone Mining
26:53 Iron Casting
28:44 Thumb Ring
35:03 Ballistics
36:44 Redemption
36:55 Sanctity
40:19 Guard Tower
42:18 Treadmill Crane
Dieghoatc
6:33 Loom
9:05 Feudal Age
9:41 Double-Bit Axe
10:12 Man-at-Arms
15:06 Fletching
16:03 Scale Mail Armor
16:13 Forging
17:35 Forging
21:12 Horse Collar
22:09 Wheelbarrow
27:17 Castle Age
28:21 Chain Mail Armor
28:09 Squires
27:43 Long Swordsman
31:18 Iron Casting
31:53 Bow Saw
31:43 Heavy Plow
38:44 Hand Cart
44:08 Imperial Age
42:09 Heavy Plow
Connection lost

Rejoining the realm…

Still unreachable

The connection could not be restored.

Session expired

The server has moved on; the page needs a fresh start.